 Dungeon Crawl Stone Soup version 0.18-a0-312-g61bb5a5 (webtiles) character file.

86 Ordine the Changer (level 4, 4/28 HPs)
             Began as an Octopode Transmuter on Nov 27, 2015.
             Quit the game on level 2 of the Dungeon.
             The game lasted 00:03:30 (1891 turns).

Ordine the Changer (Octopode Transmuter)            Turns: 1891, Time: 00:03:30

Health: 4/28       AC:  1    Str: 14    XL:     4   Next: 49%
Magic:  7/7        EV: 12    Int: 16    God:
Gold:   101        SH:  0    Dex: 12    Spells: 1 memorised, 6 levels left

rFire  . . .     SeeInvis .       - Unarmed
rCold  . . .     Clarity  .     (no shield)
rNeg   . . .     SustAt   .     (helmet restricted)
rPois  .         Gourm    .     (no amulet)
rElec  .         Spirit   .     (no ring)
rCorr  .         Warding  .     (no ring)
rMut   .         Stasis   .     (no ring)
MR     .....                    (no ring)
Stlth  ++........               (no ring)
                                (no ring)
                                (no ring)
                                (no ring)

@: mighty, lethally poisoned (4 -> -7), appendage, very slightly contaminated,
hasted, very quick, not resistant to hostile enchantments, unstealthy
A: almost no armour, amphibious, 8 rings, constrict 8, tentacle spike 3,
camouflage 1, gelatinous body 1
a: End Transformation


You were on level 2 of the Dungeon.
You were not hungry.
One of your tentacles had a temporary spike.
You visited 1 branch of the dungeon, and saw 2 of its levels.

You collected 101 gold pieces.

Inventory:

Hand Weapons
 a - a cursed +0 dagger
Potions
 e - a potion of brilliance
 i - a potion of haste
 j - a potion of cure mutation
Books
 b - a book of Changes

   Spells                             Type                      Level
   a - Beastly Appendage              Transmutation                1
   b - Sticks to Snakes               Transmutation                2
   c - Spider Form                    Transmutation/Poison         3
   d - Ice Form                       Ice/Transmutation            4
   e - Blade Hands                    Transmutation                5
Comestibles
 c - 2 bread rations
 f - a royal jelly
 g - 3 fruits
 h - 2 chunks of flesh


   Skills:
 - Level 1.0 Fighting
 - Level 2.0 Dodging
 - Level 3.0 Unarmed Combat
 - Level 2.0 Spellcasting
 + Level 4.6 Transmutations


You had 6 spell levels left.
You knew the following spells:

 Your Spells              Type           Power        Failure   Level  Hunger
a - Beastly Appendage     Trmt           ###...       3%          1    #......


Dungeon Overview and Level Annotations

Branches:
Dungeon (2/15)

Altars:
The Shining One


Innate Abilities, Weirdness & Mutations

You cannot wear most types of armour.
You are amphibious.
You can wear up to eight rings at the same time.
You can use your tentacles to constrict eight enemies at once.
Your skin changes colour to match your surroundings (Stealth).
Your rubbery body absorbs attacks (AC +1).
One of your tentacles bears a large vicious spike.


Message History

Drink which item? (? for menu, Esc to quit)
It was a potion of might.
You feel very mighty all of a sudden.
* * * LOW HITPOINT WARNING * * *
You feel sick.
This spell is very dangerous to cast!
Memorise Ice Form, consuming 4 spell levels and leaving 2?
Your memorisation is interrupted.
* * * LOW HITPOINT WARNING * * *
You feel sick.
This spell is very dangerous to cast!
Memorise Ice Form, consuming 4 spell levels and leaving 2?
Magic restored.
You start memorising the spell.
You continue memorising.
Your memorisation is interrupted.
* * * LOW HITPOINT WARNING * * *
You feel sick.
Quiver which item? (- for none, * to show all) (? for menu, Esc to quit)
Okay, then.
Are you sure you want to abandon this character and quit the game? (Confirm with "yes".)

######## #
........ #
######## #
######### # #
#.......# # #
###.# ####
#.#####.####
##.....# #..
#.#...#.#...
<......# #.#
#.#.#...#.##
##.###.#
#@#####.#.#####.##
. #
#.......#......^##
#
##################
# . #


There were no monsters in sight!

Vanquished Creatures
  Natasha (twice) (D:2)
  An adder (D:2)
  A gnoll (D:1)
  2 ball pythons (D:1)
  3 giant cockroaches (D:1)
  4 goblins
  6 hobgoblins
  2 kobolds
  A quokka (D:2)
  5 bats
  2 giant newts
  5 rats
34 creatures vanquished.

Notes
Turn   | Place    | Note
--------------------------------------------------------------
     0 | D:1      | Ordine the Octopode Transmuter began the quest for the Orb.
     0 | D:1      | Reached XP level 1. HP: 13/13 MP: 3/3
   308 | D:1      | Reached XP level 2. HP: 16/18 MP: 5/5
   998 | D:1      | Reached XP level 3. HP: 16/23 MP: 6/6
  1395 | D:2      | Gained mutation: You are partially covered in rugged brown scales (AC +1, +3% HP). [potion of beneficial mutation]
  1397 | D:2      | Noticed Natasha
  1406 | D:2      | Killed Natasha
  1406 | D:2      | Reached skill level 4 in Transmutations
  1406 | D:2      | Reached XP level 4. HP: 8/28 MP: 7/7
  1709 | D:2      | Noticed Natasha
  1709 | D:2      | Found a glowing golden altar of the Shining One.
  1715 | D:2      | Killed Natasha
  1886 | D:2      | Lost mutation: You are partially covered in rugged brown scales (AC +1, +3% HP). [potion of cure mutation]
  1891 | D:2      | Quit the game

Vault maps used:
D:1:      ncdulo_halloftheorcs, serial_park_tiny_pond
D:2:      nicolae_overflow_hidden_temple, nicolae_overflow_crystal_walls,
          zin_statuary, first_bread, patterned_corridor, uniq_natasha

Action                   |  1- 3 |  4- 6 || total
-------------------------+-------+-------++-------
Melee: Unarmed           |    72 |    19 ||    91
 Cast: Beastly Appendage |       |     1 ||     1
  Use: Scroll            |     3 |     1 ||     4
       Potion            |     1 |     3 ||     4
 Stab: Sleeping          |     3 |     1 ||     4
       Distracted        |       |     1 ||     1
  Eat: Chunk             |     1 |     2 ||     3
